 Dungeon Crawl Stone Soup version 0.26-a0-1161-g0398aca569 (webtiles) character file.

Game seed: 17952998619387782179

7 Gargoyl the Skirmisher (level 2, -3/29 HPs)
             Began as a Gnoll Abyssal Knight on Dec 23, 2020.
             Was a Follower of Lugonu.
             Killed from afar by a hellion (32 damage)
             ... with damnation
             ... on level 3 of the Abyss.
             The game lasted 00:00:16 (100 turns).

Gargoyl the Skirmisher (Gnoll Abyssal Knight)        Turns: 100, Time: 00:00:16

Health: -3/29      AC:  3    Str: 14    XL:     2   Next: 4%
Magic:  5/5        EV: 12    Int: 14    God:    Lugonu [*.....]
Gold:   88         SH:  0    Dex: 14    Spells: 1/1 levels left

rFire    . . .     SeeInvis .   a - +1 hand axe
rCold    . . .     Faith    .   (no shield)
rNeg     . . .     Spirit   .   b - +0 leather armour
rPois    .         Reflect  .   (no helmet)
rElec    .         Harm     .   (no cloak)
rCorr    .         Rampage  .   (no gloves)
Will     .....                  (no boots)
Stlth    +.........             (no amulet)
HPRegen  0.09/turn              (no ring)
MPRegen  0.09/turn              (no ring)

@: brilliant
A: distributed training, fangs 1, strong nose
a: Renounce Religion, Depart the Abyss


You were on level 3 of the Abyss.
You worshipped Lugonu.
Lugonu was aware of your devotion.
You visited 0 branches of the dungeon, and saw 0 of its levels.
You visited the Abyss 1 time.

You collected 88 gold pieces.

Inventory:

Hand Weapons
 a - a +1 hand axe (weapon)
Armour
 b - a +0 leather armour (worn)
Potions
 c - a potion of brilliance


   Skills:
 + Level 6.4 Fighting
 + Level 0.2 Short Blades
 + Level 0.2 Long Blades
 + Level 4.4 Axes
 + Level 0.2 Maces & Flails
 + Level 0.2 Polearms
 + Level 0.2 Staves
 + Level 0.2 Slings
 + Level 0.2 Bows
 + Level 0.2 Crossbows
 + Level 0.2 Throwing
 + Level 4.4 Armour
 + Level 2.4 Dodging
 + Level 0.2 Stealth
 + Level 0.2 Shields
 + Level 0.2 Unarmed Combat
 + Level 0.2 Spellcasting
 + Level 0.1 Conjurations
 + Level 0.1 Hexes
 + Level 0.1 Summonings
 + Level 0.1 Necromancy
 + Level 0.1 Translocations
 + Level 0.1 Transmutations
 + Level 0.1 Fire Magic
 + Level 0.1 Ice Magic
 + Level 0.1 Air Magic
 + Level 0.1 Earth Magic
 + Level 0.1 Poison Magic
 + Level 4.4 Invocations
 + Level 0.2 Evocations


You had one spell level left.
You didn't know any spells.
Your spell library was empty.

Dungeon Overview and Level Annotations

Branches:
Dungeon (0/15)

Altars:


Innate Abilities, Weirdness & Mutations

Your experience applies equally to all skills.
You have very sharp teeth.
Your uncanny sense of smell can sniff out nearby items.


Message History

You hit the shadow imp.
The shadow imp is almost dead.
The shadow imp completely misses you.
You slash the shadow imp!
You kill the shadow imp!
You have reached level 2!
Unknown command.
A spatial vortex comes into view.
There is a gateway leading deeper into the Abyss here.
You plunge deeper into the Abyss.
The abyssal rune of Zot can be found at this depth.
It was a potion of brilliance.
You feel clever all of a sudden.
HP restored.
A hellion comes into view.
The hellion gives a hideous shriek!
You hear a shout!
The hellion gestures at you.
The sphere of damnation explodes!
The damnation engulfs you!!
Ouch! That really hurt!
You die...

∆ ### #.#
#@#
#.....2#
....#....
..
...#...
.....#.#.
.....#.
..#.
..... .
.. #.
.......
... ..


You could see a hellion.

Vanquished Creatures
  A shadow imp (Abyss:2)
1 creature vanquished.

Notes
Turn   | Place    | Note
-------+----------+-------------------------------------------
     0 | Abyss:1  | Gargoyl the Gnoll Abyssal Knight began the quest for the
                  | Orb.
     0 | Abyss:1  | Reached XP level 1. HP: 23/23 MP: 3/3
    34 | Abyss:2  | Found an opulent altar of Gozag.
    65 | Abyss:2  | Noticed a spatial vortex
    68 | Abyss:2  | Reached XP level 2. HP: 26/29 MP: 5/5
    68 | Abyss:2  | Noticed a spatial vortex
    99 | Abyss:3  | Noticed a hellion
   100 | Abyss:3  | Killed from afar by a hellion

Illustrated notes

Levels and vault maps discovered:
Abyss:3:  base: Temple, hangedman_abyss_or_decor_jellyfish_corner,
          evilmike_abyss_rune_siren_acolytes, minivault_1, bh_abyss_negative

Action                   || total
-------------------------++-------
Melee: Hand axe          ||     5
  Use: Potion            ||     1
Dodge: Dodged            ||     3

Table legend: (Time is in decaauts)
 A = Elapsed time spent in this place.
 B = Non-inter-level travel time spent in this place.
 C = Inter-level travel time spent in this place.
 D = Time resting spent in this place.
 E = Time spent auto-exploring this place.
 F = Levels seen in this place.
 G = Mean time per level.
                   A        B        C        D        E       F      G
               +--------+--------+--------+--------+--------+-----+--------+
         Total |     99 |     99 |      0 |      0 |     77 |   3 |   33.0 |
         Abyss |     99 |     99 |      0 |      0 |     77 |   3 |   33.0 |
               +--------+--------+--------+--------+--------+-----+--------+

Top non-repeatable levels by time:
 Abyss:2: 54 daAuts
 Abyss:3: 27 daAuts
 Abyss:1: 18 daAuts
